 Dungeon Crawl Stone Soup version 0.27-a0-1612-gde56a17b89 (webtiles) character file.

Game seed: 10787717555438158859

53 MisterFreud the Conjurer (level 3, -3/21 HPs)
             Began as an Octopode Air Elementalist on July 21, 2021.
             Slain by a gnoll (7 damage)
             ... on level 2 of the Dungeon.
             The game lasted 00:03:38 (1672 turns).

MisterFreud the Conjurer (OpAE)                     Turns: 1672, Time: 00:03:39

Health: -3/21      AC:  1    Str:  7    XL:     3   Next: 89%
Magic:  0/6        EV: 17    Int: 18    God:
Gold:   89         SH:  0    Dex: 12    Spells: 5/6 levels left

rFire    . . .     SeeInvis .   d - +0 hand axe
rCold    . . .     Faith    .   (no shield)
rNeg     . . .     Spirit   .   (helmet restricted)
rPois    .         Reflect  .   (no amulet)
rElec    .         Harm     .   c - +4 ring of evasion
rCorr    .         Rampage  .   (no ring)
Will     .....                  (no ring)
Stlth    +++.......             (no ring)
HPRegen  0.07/turn              (no ring)
MPRegen  0.10/turn              (no ring)
                                (no ring)
                                (no ring)

@: no status effects
A: almost no armour, amphibious, 8 rings, camouflage 1, gelatinous body 1,
(nimble swimmer 1), tentacles
a: no special abilities


You were on level 2 of the Dungeon.
You visited 1 branch of the dungeon, and saw 2 of its levels.

You collected 89 gold pieces.

Inventory:

Hand Weapons
 d - a +0 hand axe (weapon)
Jewellery
 c - a +4 ring of evasion (left tentacle)
Scrolls
 b - 2 scrolls of teleportation {unknown}
 e - a scroll of silence {unknown}
 g - a scroll of vulnerability {unknown}
Potions
 a - a potion of curing {unknown}
 f - a potion of heal wounds {unknown}


   Skills:
 - Level 2.0 Dodging
 - Level 2.6 Stealth
 - Level 2.0 Spellcasting
 + Level 3.3 Conjurations
 + Level 3.3 Air Magic


You had 5 spell levels left.
You knew the following spells:

 Your Spells              Type           Power      Damage    Failure   Level
a - Shock                 Conj/Air       52%        1d6       4%          1

Your spell library contained the following spells:

 Spells                   Type           Power      Damage    Failure   Level
 Static Discharge         Conj/Air       13%        N/A       7%          2
 Swiftness                Air            13%        N/A       14%         3
 Airstrike                Air            6%         N/A       41%         4


Dungeon Overview and Level Annotations

Branches:
Dungeon (2/15)

Altars:

Annotations:
D:2 Sigmund


Innate Abilities, Weirdness & Mutations

You cannot wear most types of armour.
You are amphibious.
You can wear up to eight rings at the same time.
Your skin changes colour to match your surroundings (Stealth+).
Your rubbery body absorbs attacks. (AC +1, EV +1)
((You are camouflaged near water. (Stealth+)))
You have tentacles for arms and can constrict up to eight enemies at once.


Message History

You hit the jackal but do no damage. You constrict the ball python.
You kill the ball python!
The jackal bites you but does no damage.
The gnoll hits you from afar with a +0 spear.
* * * LOW HITPOINT WARNING * * *
The jackal closely misses you. The gnoll barely misses you.
The jackal completely misses you. The gnoll misses you.
The jackal completely misses you.
Your magical contamination has completely faded away.
A rat comes into view.
The jackal closely misses you.
The rat moves out of view.
The jackal completely misses you. The jackal barely misses you.
Casting: Shock (safe; 4% risk of failure)
Confirm with . or Enter, or press ? or * to list all spells.
Aiming: Shock (safe; 4% risk of failure)
Press: ? - help, Shift-Dir - straight line, f - gnoll
Aim: a gnoll, wielding a +0 spear (heavily wounded, 72% to hit)
The zap hits the jackal.
The jackal is almost dead.
The zap hits the gnoll.
The gnoll is severely wounded.
The zap hits the gnoll.
The gnoll is almost dead.
The gnoll closely misses you. The jackal closely misses you.
Unknown command.
Unknown command.
Unknown command.
Casting: Shock (safe; 4% risk of failure)
Confirm with . or Enter, or press ? or * to list all spells.
Aiming: Shock (safe; 4% risk of failure)
Press: ? - help, Shift-Dir - straight line, f - gnoll, p - gnoll
Aim: a gnoll, wielding a +0 spear and quivering a throwing net (almost dead, 72% to hit)
The zap hits the jackal.
You kill the jackal!
The zap hits the gnoll.
The gnoll is almost dead.
The zap misses the gnoll.
The gnoll hits you from afar with a +0 spear!
You die...

#............# ..
#.##..#r###### ..
#(##. #.# # .##.##
#.# #. .... #.# #.
#... #.# # #..#..#
#.#
#.#..#..#####†#
##.#......gg.@.#
.##....##..#######
..g.#.. #..#
#....##..# #.)...#
#.##.## #. #.# ..
..# #######


You could see 2 gnolls and a rat (wandering).

Vanquished Creatures
  A gnoll (D:2)
  3 ball pythons
  4 endoplasms
  2 giant cockroaches (D:1)
  2 goblins
  6 hobgoblins
  8 jackals
  3 quokkas (D:1)
  4 frilled lizards
  2 kobolds (D:1)
  3 rats
38 creatures vanquished.

Notes
Turn   | Place    | Note
-------+----------+-------------------------------------------
     0 | D:1      | MisterFreud the Octopode Air Elementalist began the quest
                  | for the Orb.
     0 | D:1      | Reached XP level 1. HP: 11/11 MP: 3/3
   452 | D:1      | Reached XP level 2. HP: 17/17 MP: 0/5
  1086 | D:1      | Reached XP level 3. HP: 21/21 MP: 3/6
  1386 | D:2      | Noticed Sigmund
  1672 | D:2      | Slain by a gnoll

Illustrated notes

Levels and vault maps discovered:
D:1:      dpeg_arrival_brainrot, layout_loops_corners
D:2:      layout_loops_ring, hellmonk_ecumenical_altar_leap_of_faith,
          minmay_fountain_box, uniq_sigmund

Skill      XL: |  1  2  3 |
---------------+----------+-----
Conjurations   | 2 3 |  3.3
Dodging        | |  2.0
Stealth        | |  2.6
Spellcasting   | |  2.0
Air Magic      | |  3.3

Action                   || total
-------------------------++-------
Melee: Hand axe          ||    21
       Constrict         ||     9
       Tentacles         ||     5
 Cast: Shock             ||    48
Armor: Skin              ||     4
Dodge: Dodged            ||    44

Table legend: (Time is in decaauts)
 A = Elapsed time spent in this place.
 B = Non-inter-level travel time spent in this place.
 C = Inter-level travel time spent in this place.
 D = Time resting spent in this place.
 E = Time spent auto-exploring this place.
 F = Levels seen in this place.
 G = Mean time per level.
                   A        B        C        D        E       F      G
               +--------+--------+--------+--------+--------+-----+--------+
         Total |   1678 |   1587 |     91 |    247 |   1127 |   2 |  839.0 |
       Dungeon |   1678 |   1587 |     91 |    247 |   1127 |   2 |  839.0 |
               +--------+--------+--------+--------+--------+-----+--------+

Top non-repeatable levels by time:
     D:1: 1377 daAuts
     D:2: 300 daAuts
